[Event "ICC tourney 2248 (120 10)"]
[Site "Internet Chess Club"]
[Date "2020.12.26"]
[Round "2"]
[White "joeandjoe56"]
[Black "minitotoro"]
[Result "1-0"]
[ICCResult "Black resigns"]
[WhiteElo "1744"]
[BlackElo "1563"]
[Opening "French: Rubinstein variation"]
[ECO "C03"]
[NIC "FR.07"]
[Time "17:17:55"]
[PlyCount "83"]
[TimeControl "7200+10"]

1. e4 e6 2. d4 d5 3. Nd2 dxe4 4. Nxe4 Nd7 5. Nf3 Ngf6 6. Bd3 Nxe4 7. Bxe4
Nf6 8. Bd3 c5 9. dxc5 Bxc5 10. O-O O-O 11. Bg5 b6 12. Qe2 Bb7 13. Rfd1 Qc7
14. Bxf6 gxf6 15. Nh4 Qf4 16. g3 Qg5 17. Be4 Bxe4 18. Qxe4 f5 19. Qe5 Rad8
20. Nf3 Qg4 21. Kg2 Qg6 22. c3 a5 23. h4 Rfe8 24. Rxd8 Rxd8 25. Qc7 Qf6 26.
Re1 h6 27. Re2 Rd1 28. Rd2 Rxd2 29. Nxd2 e5 30. Nc4 e4 31. Qe5 Qxe5 32.
Nxe5 f6 33. Nd7 Kf7 34. Nxc5 bxc5 35. Kf1 Ke6 36. Ke2 h5 37. Ke3 Ke5 38. b3
Kd5 39. Kf4 a4 40. Kxf5 axb3 41. axb3 c4 42. bxc4+ { Black resigns } 1-0

[Event "ICC tourney 2248 (120 10)"]
[Site "Internet Chess Club"]
[Date "2020.12.26"]
[Round "2"]
[White "sunnyjingxu"]
[Black "vedantpmargale"]
[Result "1/2-1/2"]
[ICCResult "Game drawn by mutual agreement"]
[WhiteElo "1711"]
[BlackElo "1493"]
[Opening "Sicilian: closed"]
[ECO "B23"]
[NIC "SI.44"]
[Time "17:17:44"]
[PlyCount "42"]
[TimeControl "7200+10"]

1. e4 c5 2. Nc3 d6 3. g3 Nf6 4. Bg2 Nc6 5. d3 g6 6. h3 Bg7 7. Be3 a6 8. Qd2
Qc7 9. Bh6 O-O 10. Bxg7 Kxg7 11. f4 h5 12. Nge2 e5 13. O-O-O Nd4 14. Rdf1
Bd7 15. fxe5 dxe5 16. Qg5 Qd6 17. Rf2 Nxe2+ 18. Nxe2 Qe7 19. Nc3 Nd5 20.
Qxe7 Nxe7 21. Rhf1 f6 { Game drawn by mutual agreement } 1/2-1/2

[Event "ICC tourney 2248 (120 10)"]
[Site "Internet Chess Club"]
[Date "2020.12.26"]
[Round "2"]
[White "sbendre"]
[Black "Coolbull"]
[Result "1/2-1/2"]
[ICCResult "Game drawn by mutual agreement"]
[WhiteElo "1525"]
[BlackElo "1743"]
[Opening "Ruy Lopez: Anderssen variation"]
[ECO "C77"]
[NIC "RL.12"]
[Time "17:17:44"]
[PlyCount "89"]
[TimeControl "7200+10"]

1. e4 e5 2. Nf3 Nc6 3. Bb5 a6 4. Ba4 Nf6 5. d3 b5 6. Bb3 Be7 7. c3 O-O 8.
O-O Na5 9. Bc2 d6 10. Re1 c5 11. Nbd2 Qc7 12. Nf1 c4 13. d4 Rd8 14. Ng3 Bd7
15. Nh4 g6 16. h3 Ne8 17. Nf3 Ng7 18. Bg5 Bxg5 19. Nxg5 f6 20. Nf3 Rf8 21.
Qd2 Nc6 22. Rad1 Rad8 23. Qe3 exd4 24. Nxd4 Nxd4 25. cxd4 Rde8 26. Qd2 Bc6
27. d5 Bd7 28. Re3 f5 29. exf5 Rxe3 30. Qxe3 Nxf5 31. Nxf5 Bxf5 32. Bxf5
Rxf5 33. Qe8+ Rf8 34. Qe6+ Rf7 35. Re1 Qc5 36. Re3 b4 37. Rf3 Qc7 38. Rxf7
Qxf7 39. Qc8+ Kg7 40. Qxc4 a5 41. a3 bxa3 42. bxa3 Qa7 43. Qc6 Qc5 44. Qb7+
Kg8 45. Qb3 { Game drawn by mutual agreement } 1/2-1/2

[Event "ICC tourney 2248 (120 10)"]
[Site "Internet Chess Club"]
[Date "2020.12.26"]
[Round "2"]
[White "Cooliguess"]
[Black "BillietheKid"]
[Result "1-0"]
[ICCResult "Black resigns"]
[WhiteElo "1750"]
[BlackElo "1451"]
[Opening "QGD: exchange, positional line"]
[ECO "D35"]
[NIC "QO.16"]
[Time "17:18:19"]
[PlyCount "85"]
[TimeControl "7200+10"]

1. d4 d5 2. c4 e6 3. Nc3 Nf6 4. cxd5 exd5 5. Bg5 Be7 6. Qc2 c6 7. e3 Bg4 8.
Bd3 Nbd7 9. Nge2 O-O 10. O-O Rc8 11. f3 Bh5 12. Kh1 Ne8 13. Bxe7 Qxe7 14.
e4 dxe4 15. fxe4 Nef6 16. Ng3 Bg6 17. Nf5 Qe6 18. Ne2 Nb6 19. Nf4 Qd7 20.
e5 Nfd5 21. a3 a5 22. Nd6 Rc7 23. Nxg6 hxg6 24. Qf2 Qg4 25. Rae1 Nc8 26.
Ne4 Nce7 27. Nd6 Nc8 28. Re4 Qe6 29. Qg3 Rd7 30. Nc4 b6 31. h4 Nde7 32. Rg4
c5 33. dxc5 Rxd3 34. Qxd3 Qxg4 35. cxb6 Qxh4+ 36. Kg1 Nf5 37. b7 Nce7 38.
Nd6 Ng3 39. Rxf7 Qh1+ 40. Kf2 Rxf7+ 41. Nxf7 Ngf5 42. b8=Q+ Kxf7 43. Qc4+ {
Black resigns } 1-0

[Event "ICC tourney 2248 (120 10)"]
[Site "Internet Chess Club"]
[Date "2020.12.26"]
[Round "2"]
[White "Deveshc"]
[Black "IveDoneEnough"]
[Result "0-1"]
[ICCResult "White checkmated"]
[WhiteElo "1491"]
[BlackElo "1645"]
[Opening "Sicilian: Smith-Morra gambit"]
[ECO "B21"]
[NIC "SI.48"]
[Time "17:18:21"]
[PlyCount "98"]
[TimeControl "7200+10"]

1. e4 c5 2. d4 cxd4 3. c3 dxc3 4. Nxc3 Nc6 5. Nf3 e6 6. a3 a6 7. Bc4 Nge7
8. Bf4 Ng6 9. Bg3 Be7 10. O-O O-O 11. Qe2 b5 12. Ba2 Qb6 13. Rac1 b4 14.
axb4 Nxb4 15. Bc4 Bb7 16. Rfd1 Rfd8 17. Na4 Qa7 18. Bc7 Rdc8 19. Rxd7 Bc6
20. Rxe7 Nxe7 21. Bb6 Qb7 22. Qd2 a5 23. Bd4 Bxa4 24. Qg5 Ng6 25. h4 Nc6
26. Bc3 Qe7 27. Qg3 f6 28. b3 Nd8 29. h5 Nf8 30. h6 Ng6 31. bxa4 Rxc4 32.
Kh2 Rac8 33. Ng1 Qc7 34. Qxc7 R8xc7 35. Ne2 Rxe4 36. Bxa5 Rxc1 37. Nxc1 Nc6
38. Bc3 Rxa4 39. hxg7 Kxg7 40. Bd2 Nge5 41. Bc3 Rc4 42. Bd2 Nd4 43. Kh3 Rc2
44. Be3 Nf5 45. Nb3 Nxe3 46. fxe3 Rc3 47. Nd4 Rxe3+ 48. Kh2 Ng4+ 49. Kg1
Re1# { White checkmated } 0-1

[Event "ICC tourney 2248 (120 10)"]
[Site "Internet Chess Club"]
[Date "2020.12.26"]
[Round "2"]
[White "ybabji"]
[Black "rachael1120"]
[Result "1-0"]
[ICCResult "Black resigns"]
[WhiteElo "1854"]
[BlackElo "1678"]
[Opening "Sicilian: Alapin's variation (2.c3)"]
[ECO "B22"]
[NIC "SI.46"]
[Time "17:18:02"]
[PlyCount "87"]
[TimeControl "7200+10"]

1. e4 c5 2. c3 Nf6 3. d3 Nc6 4. Be3 d6 5. Nf3 g6 6. Be2 Bg7 7. Nbd2 Ng4 8.
Nf1 Qb6 9. Rb1 O-O 10. h3 Nxe3 11. Nxe3 Be6 12. Nd5 Bxd5 13. exd5 Ne5 14.
Nxe5 Bxe5 15. Qd2 e6 16. Bf3 Rae8 17. O-O Bg7 18. dxe6 fxe6 19. b4 Rb8 20.
Bg4 Rfe8 21. Rfe1 e5 22. Bf3 cxb4 23. Rxb4 Qc7 24. Bd5+ Kh8 25. Reb1 b6 26.
Rc4 Qe7 27. a4 Rec8 28. Rxc8+ Rxc8 29. a5 Qc7 30. axb6 axb6 31. c4 Rb8 32.
Rb5 Bf6 33. Qe3 Qd8 34. g3 Bg5 35. Qe2 Bc1 36. Qa2 Qc7 37. h4 Bh6 38. Kg2
Bg7 39. Rb3 Bf6 40. Ra3 Qd8 41. Ra7 b5 42. Rf7 Bg7 43. Qa7 Qg8 44. Rxg7 {
Black resigns } 1-0

[Event "ICC tourney 2248 (120 10)"]
[Site "Internet Chess Club"]
[Date "2020.12.26"]
[Round "2"]
[White "peekaboopenguin"]
[Black "salamenceg"]
[Result "1-0"]
[ICCResult "Black checkmated"]
[WhiteElo "1636"]
[BlackElo "1080"]
[Opening "Ruy Lopez: 5.O-O"]
[ECO "C78"]
[NIC "RL.12"]
[Time "17:18:09"]
[PlyCount "87"]
[TimeControl "7200+10"]

1. e4 e5 2. Nf3 Nc6 3. Bb5 a6 4. Ba4 Nf6 5. O-O b5 6. Bb3 Bc5 7. d3 d6 8.
Bg5 h6 9. Bh4 Bg4 10. Nbd2 Bb4 11. c3 Bc5 12. h3 Bd7 13. Bc2 g5 14. Bg3 Nh5
15. Bh2 Nf4 16. Bxf4 exf4 17. d4 Bb6 18. Nh2 h5 19. f3 Qc8 20. Qe2 Rg8 21.
Bd1 Ne7 22. Nb3 Ng6 23. Kh1 Bxh3 24. gxh3 Qxh3 25. Qg2 Qg3 26. Rg1 h4 27.
Qf1 Rh8 28. Ng4 Ke7 29. Rxg3 hxg3+ 30. Kg1 Rh4 31. Qg2 Rah8 32. Bc2 R4h5
33. e5 dxe5 34. Bxg6 fxg6 35. Re1 Kf8 36. Rxe5 b4 37. cxb4 Kf7 38. Nc5 Bxc5
39. bxc5 Rd8 40. d5 Rb8 41. Qe2 Rbh8 42. Re7+ Kg8 43. Qe6+ Kf8 44. Qf7# {
Black checkmated } 1-0

[Event "ICC tourney 2248 (120 10)"]
[Site "Internet Chess Club"]
[Date "2020.12.26"]
[Round "2"]
[White "NL008"]
[Black "Mozart1"]
[Result "0-1"]
[ICCResult "White resigns"]
[WhiteElo "1534"]
[BlackElo "1836"]
[Opening "Giuoco Piano"]
[ECO "C54"]
[NIC "IG.02"]
[Time "17:17:36"]
[PlyCount "78"]
[TimeControl "7200+10"]

1. e4 e5 2. Nf3 Nc6 3. Bc4 Bc5 4. c3 Nf6 5. d4 exd4 6. cxd4 Bb4+ 7. Bd2
Bxd2+ 8. Nbxd2 d5 9. exd5 Nxd5 10. Qb3 Nce7 11. O-O O-O 12. Ne4 b6 13. Rfe1
Bb7 14. Neg5 h6 15. Ne4 Ng6 16. Ne5 Ngf4 17. g3 Ne6 18. Nc3 Nxd4 19. Qd1
Nf6 20. Ne2 Nf3+ 21. Nxf3 Bxf3 22. Qb3 Bb7 23. Nf4 Ne4 24. Ng6 Nd2 25. Qc3
Nf3+ 26. Kf1 Nxh2+ 27. Kg1 Nf3+ 28. Kf1 Nxe1 29. Nxf8 Nf3 30. Ne6 fxe6 31.
Bxe6+ Kh8 32. Rc1 Qd6 33. Bg4 Nh2+ 34. Kg1 Nxg4 35. Qxc7 Qd5 36. Kf1 Qg2+
37. Ke2 Qxf2+ 38. Kd3 Qe3+ 39. Kc2 Be4+ { White resigns } 0-1

[Event "ICC tourney 2248 (120 10)"]
[Site "Internet Chess Club"]
[Date "2020.12.26"]
[Round "2"]
[White "messyblaster"]
[Black "AlanZ"]
[Result "1/2-1/2"]
[ICCResult "Game drawn by mutual agreement"]
[WhiteElo "1563"]
[BlackElo "1744"]
[Opening "QGD: Semi-Tarrasch defense"]
[ECO "D40"]
[NIC "TD.05"]
[Time "17:17:43"]
[PlyCount "81"]
[TimeControl "7200+10"]

1. d4 Nf6 2. c4 e6 3. Nf3 d5 4. Nc3 c5 5. e3 Nc6 6. Be2 Be7 7. O-O O-O 8.
b3 b6 9. cxd5 Nxd5 10. Nxd5 Qxd5 11. Bb2 Rd8 12. Bc4 Qd7 13. Qe2 cxd4 14.
Nxd4 Nxd4 15. Bxd4 Bb7 16. Qg4 g6 17. Rfd1 Qc6 18. f3 Rac8 19. Qf4 Qd6 20.
Qxd6 Rxd6 21. Be5 Rxd1+ 22. Rxd1 Rd8 23. Rxd8+ Bxd8 24. Kf2 Kf8 25. Bd6+
Be7 26. Bc7 Bc5 27. Ke2 Ke7 28. Be5 Bd6 29. Bxd6+ Kxd6 30. Kd3 f6 31. e4 e5
32. Bg8 h6 33. Bf7 g5 34. b4 Ba6+ 35. Bc4 Bxc4+ 36. Kxc4 a6 37. a4 Kc6 38.
b5+ axb5+ 39. axb5+ Kd6 40. g4 Ke6 41. h3 { Game drawn by mutual agreement
} 1/2-1/2

[Event "ICC tourney 2248 (120 10)"]
[Site "Internet Chess Club"]
[Date "2020.12.26"]
[Round "2"]
[White "Gallifreyan"]
[Black "che8642"]
[Result "1/2-1/2"]
[ICCResult "Game drawn by mutual agreement"]
[WhiteElo "1689"]
[BlackElo "1532"]
[Opening "English: symmetrical, Botvinnik system"]
[ECO "A36"]
[NIC "EO.30"]
[Time "17:18:05"]
[PlyCount "62"]
[TimeControl "7200+10"]

1. c4 c5 2. Nc3 Nc6 3. g3 g6 4. Bg2 Bg7 5. e4 d6 6. Nge2 a6 7. O-O e6 8. d3
Nge7 9. Rb1 O-O 10. a3 Nd4 11. Nxd4 Bxd4 12. Ne2 Bg7 13. b4 Nc6 14. Be3 Qe7
15. Qd2 Rd8 16. d4 Rb8 17. b5 axb5 18. cxb5 Nxd4 19. Nxd4 cxd4 20. Bxd4
Bxd4 21. Qxd4 d5 22. Rfd1 b6 23. a4 Qd6 24. Rbc1 Bb7 25. exd5 Ra8 26. Qb2
exd5 27. Qb3 Qe6 28. Rd4 Rac8 29. Rcd1 Rc5 30. Qd3 Rd6 31. Qd2 Qd7 { Game
drawn by mutual agreement } 1/2-1/2

[Event "ICC tourney 2248 (120 10)"]
[Site "Internet Chess Club"]
[Date "2020.12.26"]
[Round "2"]
[White "ToughTurtle"]
[Black "CharlesDQuigley"]
[Result "0-1"]
[ICCResult "White checkmated"]
[WhiteElo "1476"]
[BlackElo "1815"]
[Opening "Sicilian: Alapin's variation (2.c3)"]
[ECO "B22"]
[NIC "SI.47"]
[Time "17:18:03"]
[PlyCount "142"]
[TimeControl "7200+10"]

1. e4 c5 2. c3 Nf6 3. e5 Nd5 4. d4 cxd4 5. cxd4 e6 6. Nf3 d6 7. Bc4 Be7 8.
O-O O-O 9. Bxd5 exd5 10. Nc3 Be6 11. Bf4 a6 12. Qb3 Nc6 13. Rad1 Na5 14.
Qc2 Rc8 15. exd6 Bxd6 16. Ng5 g6 17. Nxe6 fxe6 18. Bg3 Rc4 19. Qe2 Qd7 20.
Rfe1 Bxg3 21. hxg3 Rf6 22. Qe5 Kg7 23. Ne2 Nc6 24. Qe3 Nb4 25. b3 Rc6 26.
Qe5 Nxa2 27. g4 Qd6 28. g5 Qxe5 29. dxe5 Rf7 30. Nd4 Rb6 31. Re3 Kf8 32.
Ra1 Nb4 33. Rc1 Nc6 34. Nxe6+ Ke7 35. Nc5 Rf5 36. Rh3 Nxe5 37. Rxh7+ Nf7
38. g4 Rf4 39. Re1+ Kd6 40. Nd3 Rxg4+ 41. Kh2 Nxg5 42. Rhe7 Nf3+ 43. Kh3
Nxe1 44. Rxe1 Re4 45. Rg1 Rxb3 46. Rxg6+ Kc7 47. Rg3 Rd4 48. Nc5 Rxg3+ 49.
fxg3 Kc6 50. Ne6 Rd1 51. g4 d4 52. g5 d3 53. g6 Rg1 54. Nd8+ Kb6 55. Ne6
Rxg6 56. Nf4 Rd6 57. Ng2 d2 58. Ne3 d1=Q 59. Nxd1 Rxd1 60. Kg2 Rd5 61. Kf2
Rc5 62. Ke2 a5 63. Kd1 a4 64. Kd2 a3 65. Kd3 a2 66. Ke4 a1=Q 67. Kf4 Qa4+
68. Kf3 Rc3+ 69. Ke2 Qa2+ 70. Kd1 Qb2 71. Ke1 Rc1# { White checkmated } 0-1

[Event "ICC tourney 2248 (120 10)"]
[Site "Internet Chess Club"]
[Date "2020.12.26"]
[Round "2"]
[White "Elias1302"]
[Black "jHanna"]
[Result "0-1"]
[ICCResult "White resigns"]
[WhiteElo "1609"]
[BlackElo "1787"]
[Opening "French: exchange variation"]
[ECO "C01"]
[NIC "FR.01"]
[Time "17:17:43"]
[PlyCount "102"]
[TimeControl "7200+10"]

1. e4 e6 2. d4 d5 3. exd5 exd5 4. c4 Be6 5. Nf3 Nf6 6. cxd5 Nxd5 7. Bd3
Bb4+ 8. Bd2 O-O 9. O-O Bxd2 10. Qxd2 Nc6 11. a3 a6 12. Re1 Qf6 13. Ng5 Bf5
14. Bxf5 Qxf5 15. Nc3 Rad8 16. Nf3 h6 17. Rac1 Nf4 18. Re4 Nh3+ 19. gxh3
Qxf3 20. Re3 Rxd4 21. Qxd4 Nxd4 22. Rxf3 Nxf3+ 23. Kg2 Ng5 24. Na4 Ne6 25.
Nc5 Nxc5 26. Rxc5 c6 27. Re5 f6 28. Re7 Rf7 29. Re8+ Kh7 30. Rd8 Kg6 31.
Kf3 Kf5 32. Kg3 Re7 33. Kf3 h5 34. Rd4 g5 35. b3 c5 36. Rd5+ Re5 37. Rd7 b6
38. Rb7 Re6 39. Ra7 a5 40. Rd7 h4 41. a4 Rc6 42. Rd5+ Ke6 43. Ke4 Rd6 44.
Rxd6+ Kxd6 45. Kf5 b5 46. axb5 c4 47. bxc4 a4 48. Ke4 a3 49. Kd4 a2 50. c5+
Kc7 51. b6+ Kc6 { White resigns } 0-1

[Event "ICC tourney 2248 (120 10)"]
[Site "Internet Chess Club"]
[Date "2020.12.26"]
[Round "2"]
[White "wahoo"]
[Black "vober6"]
[Result "0-1"]
[ICCResult "White checkmated"]
[WhiteElo "1661"]
[BlackElo "1876"]
[Opening "Giuoco Piano"]
[ECO "C54"]
[NIC "IG.02"]
[Time "17:17:39"]
[PlyCount "88"]
[TimeControl "7200+10"]

1. e4 e5 2. Nf3 Nc6 3. Bc4 Bc5 4. c3 Nf6 5. d3 O-O 6. O-O a5 7. Bg5 h6 8.
Bh4 d6 9. d4 exd4 10. cxd4 Bb6 11. Nc3 Bg4 12. d5 Nd4 13. Be2 Nxe2+ 14.
Qxe2 g5 15. Bg3 Nh5 16. Qd3 f5 17. exf5 Bxf5 18. Qc4 Qf6 19. Rfe1 Rae8 20.
Na4 Nxg3 21. hxg3 g4 22. Nxb6 gxf3 23. Qxc7 fxg2 24. Rxe8 Rxe8 25. Qc3 Qg5
26. Re1 Rf8 27. Kxg2 Bg4 28. f4 Qg6 29. Re7 h5 30. Rxb7 Re8 31. Rc7 Qe4+
32. Kg1 Qb1+ 33. Qc1 Re1+ 34. Qxe1 Qxe1+ 35. Kg2 Qe2+ 36. Kg1 Qe3+ 37. Kg2
Bf3+ 38. Kh3 Bg4+ 39. Kh4 Qxb6 40. Rc8+ Bxc8 41. Kxh5 Qd8 42. g4 Kg7 43. f5
Qh8+ 44. Kg5 Qh6# { White checkmated } 0-1

[Event "ICC tourney 2248 (120 10)"]
[Site "Internet Chess Club"]
[Date "2020.12.26"]
[Round "2"]
[White "HPenguin"]
[Black "orwind"]
[Result "1-0"]
[ICCResult "Black resigns"]
[WhiteElo "1819"]
[BlackElo "1620"]
[Opening "Sicilian defense"]
[ECO "B40"]
[NIC "SI.43"]
[Time "17:17:40"]
[PlyCount "65"]
[TimeControl "7200+10"]

1. e4 c5 2. Nf3 e6 3. c4 Nc6 4. d4 cxd4 5. Nxd4 d6 6. Be3 Nf6 7. Nc3 Be7 8.
Be2 O-O 9. O-O Nxd4 10. Bxd4 b6 11. Rc1 Bb7 12. f3 Qd7 13. g4 h6 14. Qd2
Nh7 15. Be3 Rad8 16. Rfd1 Bc6 17. b4 Qc7 18. b5 Bb7 19. a4 Ba8 20. Qe1 Rfe8
21. Qf2 Bf6 22. a5 Rb8 23. axb6 axb6 24. Na4 Bd8 25. Kg2 Nf6 26. Bxb6 Rxb6
27. Qxb6 Qxb6 28. Nxb6 Bxb6 29. Rxd6 Be3 30. Rcd1 Kh7 31. Rd8 Rxd8 32. Rxd8
Bb7 33. Rb8 { Black resigns } 1-0

[Event "ICC tourney 2248 (120 10)"]
[Site "Internet Chess Club"]
[Date "2020.12.26"]
[Round "2"]
[White "che2468"]
[Black "mrerikchin"]
[Result "1-0"]
[ICCResult "Black resigns"]
[WhiteElo "1464"]
[BlackElo "1636"]
[Opening "Pirc: Byrne variation"]
[ECO "B07"]
[NIC "PU.09"]
[Time "17:17:48"]
[PlyCount "55"]
[TimeControl "7200+10"]

1. d4 Nf6 2. Nc3 g6 3. e4 d6 4. Bg5 Bg7 5. Qd2 c6 6. Bh6 Bxh6 7. Qxh6 b5 8.
Nf3 b4 9. Ne2 Nxe4 10. Qg7 Rf8 11. Qxh7 a5 12. Ng3 Nf6 13. Qh4 Ba6 14. Bxa6
Nxa6 15. O-O Nc7 16. Ne4 Nxe4 17. Qxe4 d5 18. Qe3 Nb5 19. Rfe1 Qd6 20. Ne5
O-O-O 21. a3 Kb7 22. axb4 axb4 23. Nd3 e6 24. Nc5+ Kb8 25. Qb3 Rh8 26. h3
Qe7 27. Qxb4 Rhe8 28. Ra5 { Black resigns } 1-0

[Event "ICC tourney 2248 (120 10)"]
[Site "Internet Chess Club"]
[Date "2020.12.26"]
[Round "2"]
[White "Nikhilp"]
[Black "aditya7708"]
[Result "1-0"]
[ICCResult "Black resigns"]
[WhiteElo "1737"]
[BlackElo "1524"]
[Opening "Sicilian"]
[ECO "B50"]
[NIC "SI.01"]
[Time "17:18:12"]
[PlyCount "63"]
[TimeControl "7200+10"]

1. e4 c5 2. Nf3 d6 3. d3 Nc6 4. g3 Nf6 5. Bg2 g6 6. O-O Bg7 7. h3 e6 8. c3
O-O 9. Re1 a6 10. d4 cxd4 11. cxd4 d5 12. e5 Nd7 13. b3 b5 14. a3 Bb7 15.
Bb2 Rc8 16. Qd3 Nb6 17. Nbd2 b4 18. a4 a5 19. Rec1 Qe7 20. Ne1 Na7 21. Qe3
Ba6 22. Nd3 Nd7 23. f4 f6 24. exf6 Bxf6 25. h4 Qd6 26. Bh3 Kf7 27. Nf3 h5
28. Nde5+ Bxe5 29. dxe5 Qe7 30. Qxa7 Be2 31. Ng5+ Kg8 32. Bxe6+ { Black
resigns } 1-0

[Event "ICC tourney 2248 (120 10)"]
[Site "Internet Chess Club"]
[Date "2020.12.26"]
[Round "2"]
[White "FantasyHockeyEx"]
[Black "welmo"]
[Result "1-0"]
[ICCResult "Black checkmated"]
[WhiteElo "1794"]
[BlackElo "1604"]
[Opening "Queen's bishop game"]
[ECO "D00"]
[NIC "QP.08"]
[Time "17:18:08"]
[PlyCount "139"]
[TimeControl "7200+10"]

1. d4 d5 2. Bf4 Nf6 3. Nf3 Nc6 4. h3 h6 5. e3 a6 6. c3 Bf5 7. Bd3 Bxd3 8.
Qxd3 e6 9. Nbd2 Bd6 10. O-O O-O 11. b4 Qd7 12. a4 Rfe8 13. b5 axb5 14. axb5
Ne7 15. Ne5 Qd8 16. c4 Rxa1 17. Rxa1 Nd7 18. Nxd7 Qxd7 19. c5 Bxf4 20. exf4
Rb8 21. Nf3 Ng6 22. g3 Kf8 23. h4 Kg8 24. h5 Nf8 25. Ne5 Qc8 26. Ra7 Nd7
27. Qa3 Nxe5 28. fxe5 c6 29. bxc6 bxc6 30. Qa5 Rb7 31. Ra6 Kh7 32. Rb6 Rc7
33. Qb4 Ra7 34. Qb1+ g6 35. hxg6+ fxg6 36. Kg2 Kg7 37. Rb8 Qc7 38. Qb6 Kf7
39. Kh3 h5 40. f3 Kg7 41. g4 hxg4+ 42. Kxg4 Kf7 43. f4 Kg7 44. Qxc7+ Rxc7
45. Rd8 Kf7 46. Rd6 Ke7 47. Kg5 Kf7 48. Kh6 Ke7 49. Kxg6 Rc8 50. Kg7 Rc7
51. Kg6 Rc8 52. f5 exf5 53. Kxf5 Rb8 54. e6 Rb1 55. Rd7+ Ke8 56. Ke5 Re1+
57. Kd6 Re4 58. e7 Re6+ 59. Kc7 Rxe7 60. Rxe7+ Kxe7 61. Kxc6 Ke6 62. Kb7
Kd7 63. c6+ Kd8 64. c7+ Kd7 65. c8=Q+ Ke7 66. Qf5 Kd6 67. Qe5+ Kd7 68. Kb6
Kd8 69. Kc6 Kc8 70. Qc7# { Black checkmated } 1-0

[Event "ICC tourney 2248 (120 10)"]
[Site "Internet Chess Club"]
[Date "2020.12.26"]
[Round "2"]
[White "prabp"]
[Black "oregonchessguy"]
[Result "1/2-1/2"]
[ICCResult "Black stalemated"]
[WhiteElo "1582"]
[BlackElo "1857"]
[Opening "Queen's pawn, Mason variation"]
[ECO "D00"]
[NIC "QP.08"]
[Time "17:17:52"]
[PlyCount "151"]
[TimeControl "7200+10"]

1. d4 d5 2. Bf4 Nf6 3. e3 a6 4. Nd2 g6 5. Bd3 Bg7 6. h3 Nbd7 7. c3 c5 8.
Ngf3 c4 9. Bc2 b5 10. a4 Bb7 11. b3 O-O 12. Ne5 Nxe5 13. Bxe5 e6 14. Nf3
Re8 15. g4 Ne4 16. Bxg7 Kxg7 17. Bxe4 dxe4 18. Nd2 Qc7 19. bxc4 bxc4 20. h4
f5 21. h5 g5 22. gxf5 exf5 23. h6+ Kh8 24. Qh5 Rg8 25. Rg1 f4 26. Rxg5 fxe3
27. fxe3 Qe7 28. Rxg8+ Rxg8 29. Qe5+ Qxe5 30. dxe5 Rg1+ 31. Nf1 Bc6 32. Rd1
Bxa4 33. Rd6 Rg6 34. Nd2 Kg8 35. Nxe4 Rxd6 36. exd6 Kf7 37. Nc5 Bb5 38. e4
a5 39. Kd2 Kg6 40. d7 Bxd7 41. Nxd7 Kxh6 42. e5 Kg6 43. e6 h5 44. Ke3 a4
45. e7 Kf7 46. Ne5+ Kxe7 47. Nxc4 Ke6 48. Kf4 Kd5 49. Nb6+ Kc5 50. Nxa4+
Kc4 51. Kg5 h4 52. Kxh4 Kb3 53. Kg4 Kxa4 54. Kf4 Kb5 55. Ke3 Kc4 56. Kd2
Kc5 57. Kd3 Kd5 58. c4+ Kc5 59. Kc3 Kc6 60. Kb4 Kb6 61. c5+ Kc6 62. Kc4 Kd7
63. Kb5 Kc7 64. Ka5 Kc6 65. Kb4 Kb7 66. Kc4 Kc6 67. Kd4 Kd7 68. Kd5 Kc7 69.
c6 Kc8 70. Kd4 Kc7 71. Kc5 Kc8 72. Kc4 Kc7 73. Kb5 Kc8 74. Kb6 Kb8 75. c7+
Kc8 76. Kc6 { Black stalemated } 1/2-1/2

[Event "ICC tourney 2248 (120 10)"]
[Site "Internet Chess Club"]
[Date "2020.12.26"]
[Round "2"]
[White "JACOBCHESS857"]
[Black "Abror"]
[Result "0-1"]
[ICCResult "White checkmated"]
[WhiteElo "1424"]
[BlackElo "1635"]
[Opening "Sicilian defense"]
[ECO "B30"]
[NIC "SI.31"]
[Time "17:18:10"]
[PlyCount "116"]
[TimeControl "7200+10"]

1. e4 c5 2. Nf3 Nc6 3. Bc4 e6 4. d3 d5 5. Bb3 b5 6. a3 c4 7. Ba2 dxe4 8.
dxe4 Qxd1+ 9. Kxd1 Bb7 10. Bd2 Nf6 11. Nc3 a6 12. h3 Bc5 13. Rf1 O-O-O 14.
Kc1 Rd7 15. Bf4 Rhd8 16. Nd2 Nh5 17. Bg5 f6 18. Bxf6 gxf6 19. Nf3 Nf4 20.
b4 Bd4 21. Nxd4 Nxd4 22. Kb2 Nde2 23. Nxe2 Nxe2 24. Rfe1 Rd2 25. f3 c3+ 26.
Kb3 f5 27. Rxe2 Rxe2 28. Kxc3 fxe4 29. Bxe6+ Kb8 30. Bf5 exf3 31. gxf3 Re3+
32. Kb2 Rxf3 33. Bg4 Rf2 34. Kb3 Bd5+ 35. Kb2 Be4 36. Rc1 Rdd2 37. Bd1 Bf3
38. Bxf3 Rxf3 39. Rh1 Rff2 40. Re1 Rxc2+ 41. Kb1 Rb2+ 42. Kc1 Ra2 43. Kb1
Rfb2+ 44. Kc1 Ra1+ 45. Kxb2 Rxe1 46. Kc3 Re3+ 47. Kb2 Rxh3 48. Kc2 Rg3 49.
Kd2 h5 50. Ke2 h4 51. Kf2 Rg8 52. Kf1 h3 53. Kf2 h2 54. Ke3 h1=Q 55. Ke2
Qe4+ 56. Kd2 Rg2+ 57. Kc3 Rc2+ 58. Kb3 Qc4# { White checkmated } 0-1

[Event "ICC tourney 2248 (120 10)"]
[Site "Internet Chess Club"]
[Date "2020.12.26"]
[Round "2"]
[White "rokrchess"]
[Black "Priccchess"]
[Result "0-1"]
[ICCResult "White resigns"]
[WhiteElo "1619"]
[BlackElo "1806"]
[Opening "Philidor's defense"]
[ECO "C41"]
[NIC "KP.10"]
[Time "17:17:45"]
[PlyCount "88"]
[TimeControl "7200+10"]

1. e4 e5 2. Nf3 d6 3. Nc3 Nf6 4. Bc4 Be7 5. O-O O-O 6. d3 h6 7. h3 Nc6 8.
a4 Be6 9. Nd5 Re8 10. Bd2 Bf8 11. Ba2 Bxd5 12. exd5 Ne7 13. c4 Ng6 14. Bc3
Qd7 15. b4 Nf4 16. c5 N4xd5 17. Qc2 Nxc3 18. Qxc3 Rad8 19. Rfe1 e4 20. Nd2
dxc5 21. Nxe4 Nxe4 22. dxe4 cxb4 23. Qf3 Bd6 24. Rad1 Qe7 25. Rd5 Be5 26.
Rxe5 Qxe5 27. Bxf7+ Kh8 28. Bxe8 Qxe8 29. e5 Qc6 30. Qf7 Qc5 31. Qg6 Rf8
32. Qg3 Qe7 33. Qd3 Rd8 34. Qf3 c5 35. e6 Kg8 36. Qb3 Rd4 37. Rc1 b6 38. a5
Re4 39. Qd5 Qxe6 40. Qa8+ Kh7 41. a6 Qe7 42. Qb7 Qxb7 43. axb7 Re8 44. Ra1
a5 { White resigns } 0-1

[Event "ICC tourney 2248 (120 10)"]
[Site "Internet Chess Club"]
[Date "2020.12.26"]
[Round "2"]
[White "UltimateDL"]
[Black "Cambod1"]
[Result "1-0"]
[ICCResult "Black resigns"]
[WhiteElo "1480"]
[BlackElo "1739"]
[Opening "Caro-Kann: exchange variation"]
[ECO "B13"]
[NIC "CK.02"]
[Time "17:18:14"]
[PlyCount "99"]
[TimeControl "7200+10"]

1. e4 c6 2. d4 d5 3. exd5 cxd5 4. Bd3 Nc6 5. c3 Qc7 6. h3 g6 7. Nf3 Bf5 8.
O-O Nf6 9. Ne5 Nxe5 10. Bxf5 gxf5 11. Bf4 Nfd7 12. dxe5 e6 13. Re1 O-O-O
14. Nd2 Rg8 15. Nf3 Be7 16. Qa4 Kb8 17. Be3 Bc5 18. Qf4 Rg6 19. Bd4 Rdg8
20. g3 Be7 21. Rac1 Bf8 22. Rc2 Bh6 23. Qh4 f4 24. g4 Nc5 25. Rec1 Nd3 26.
Rd1 Nb4 27. Rcc1 Nc6 28. c4 dxc4 29. Rxc4 b5 30. Bc5 Kb7 31. Bd6 Qd7 32.
Rc5 a6 33. Rdc1 Rc8 34. a4 bxa4 35. Qh5 Bg7 36. Nd4 Nxd4 37. Rxc8 Ne2+ 38.
Kh2 Nxc1 39. Rxc1 Qb5 40. Qh4 f6 41. Qxh7 Qxb2 42. Rf1 Qe2 43. Qxg6 Qxf1
44. Qxg7+ Kc6 45. Qc7+ Kd5 46. Qc5+ Ke4 47. exf6 f3 48. Qc6+ Kd4 49. Qxf3
a3 50. Bxa3 { Black resigns } 1-0